 Dungeon Crawl Stone Soup version 0.29.0-4-gdea44cf6ec (webtiles) character file.

Game seed: 65043010057325852

66 qw the Chopper (level 4, -2/26 HPs)
             Began as a Tengu Warper on Aug 28, 2022.
             Slain by Sigmund
             ... wielding a +0 scythe
              (7 damage)
             ... on level 2 of the Dungeon.
             The game lasted 00:00:15 (2539 turns).

qw the Chopper (Tengu Warper)                       Turns: 2539, Time: 00:00:16

Health: -2/26      AC:  7    Str: 13    XL:     4   Next: 15%
Magic:  8/8        EV: 11    Int: 13    God:
Gold:   118        SH:  0    Dex: 14    Spells: 7/7 levels left

rFire   + . .      SeeInvis .   Y - +0 hand axe
rCold   . . .      Faith    .   (no shield)
rNeg    . . .      Spirit   .   f - +2 ring mail {rF+}
rPois   .          Reflect  .   (helmet restricted)
rElec   .          Harm     .   (no cloak)
rCorr   .          Rampage  .   (no gloves)
Will    .....                   (boots unavailable)
Stlth   +.........              (no amulet)
HPRegen 0.08/turn               (no ring)
MPRegen 0.11/turn               (no ring)

@: no status effects
A: beak, talons 3
a: no special abilities


You were on level 2 of the Dungeon.
You visited 1 branch of the dungeon, and saw 2 of its levels.

You collected 118 gold pieces.


Innate Abilities, Weirdness & Mutations

You have a beak for a mouth.
You have claws for feet.


   Skills:
 - Level 2.0 Fighting
 + Level 4.7 Axes
 - Level 1.0 Throwing
 - Level 1.1 Armour
 - Level 2.1 Dodging
 - Level 2.0 Spellcasting
 - Level 2.4 Translocations


You had 7 spell levels left.
You didn't know any spells.
Your spell library contained the following spells:

 Spells                   Type           Power      Damage    Failure   Level
 Blink                    Tloc           14%        N/A       30%         2
 Gell's Gravitas          Tloc           7%         N/A       52%         3
 Lesser Beckoning         Tloc           7%         N/A       52%         3
 Teleport Other           Tloc           7%         N/A       52%         3
 Manifold Assault         Tloc           7%         N/A       99%         5

Inventory:

Hand Weapons
 g - a +0 mace
 Y - a +0 hand axe (weapon)
Armour
 f - a +2 ring mail of fire resistance (worn)
Scrolls
 a - a scroll of poison {unknown}
 b - a scroll of enchant armour {unknown}
Potions
 d - a potion of haste {unknown}
 h - a potion of curing
 k - a potion of cancellation {unknown}

Dungeon Overview and Level Annotations

Branches:
Dungeon (2/15)

Altars:

Annotations:
D:2 Sigmund


Message History

Sigmund shouts!
Sigmund gestures at you while chanting. The magic dart hits you.
You hit Sigmund but do no damage. Your kick misses Sigmund.
Your peck misses Sigmund. Sigmund barely misses you.
You hit Sigmund. You claw Sigmund.
Sigmund is moderately wounded.
Sigmund gestures wildly while chanting.
Sigmund flickers and vanishes!
Deactivating autopickup; reactivate with Ctrl-A.
You completely miss something. Your kick misses something.
Your peck misses something. Something hits you.
You closely miss something. Your kick misses something. You peck something.
You miss something. Something hits you but does no damage.
You hit something. Something hits you.
You hit something. Your peck misses something.
You hear some strange, mumbled words.
A magic dart appears from out of thin air!
The magic dart hits you.
You miss something. Your peck misses something. Something hits you!
You barely miss something. You hit something but do no damage.
Your peck misses something. Something hits you.
You barely miss something. Your kick misses something. Something hits you.
You hit something. Your kick misses something. You miss something.
Something barely misses you.
You hit something but do no damage. You peck something.
You hear some strange, mumbled words.
A puff of flame appears from out of thin air!
The puff of flame misses you.
You hit something. Your peck misses something. Something hits you!
You die...

#...##.....####.......#
#........>.# #.......#
....##.....# #.##.##.#
#.####.....# #.##.##.#
..# ####### #.##.##.#
### ######.##.##.# #
#....).......# #
#.#####.#.#### #
#######.#####@#.# ##
#............{..#
.###.#####.#####.###
.....# #... ..# .#####
######### ## ## .# .#


There were no monsters in sight!

Vanquished Creatures
  4 worms (D:2)
  2 dart slugs (D:1)
  4 endoplasms
  4 giant cockroaches
  3 goblins
  4 hobgoblins
  8 kobolds
  2 quokkas (D:1)
  6 ball pythons
  4 bats (D:1)
  3 frilled lizards
  6 rats
50 creatures vanquished.

Notes
Turn   | Place    | Note
-------+----------+-------------------------------------------
     0 | D:1      | qw the Tengu Warper began the quest for the Orb.
     0 | D:1      | Reached XP level 1. HP: 12/12 MP: 4/4
     0 | D:1      | 0 ||| qw: Version: 0.1-a-89-g26bdef1
     0 | D:1      | 0 ||| qw: Game counter: 3128
     0 | D:1      | 0 ||| qw: Always use a shield: true
     0 | D:1      | 0 ||| qw: God list: Okawaru
     0 | D:1      | 0 ||| qw: Allow faded altars: false
     0 | D:1      | 0 ||| qw: Do Orc after D:15 true
     0 | D:1      | 0 ||| qw: Do second Lair branch before Depths: true
     0 | D:1      | 0 ||| qw: Lair rune preference: random
     0 | D:1      | 0 ||| qw: Plans: Normal
     0 | D:1      | 0 ||| PLANNING D:1-11
   183 | D:1      | 183 ||| Stepping ~*~*~tactically~*~*~ (hiding).
   260 | D:1      | Reached XP level 2. HP: 14/17 MP: 6/6
   319 | D:1      | Reached skill level 3 in Axes
   445 | D:1      | 445 ||| Stepping ~*~*~tactically~*~*~ (stealth).
   448 | D:1      | 448 ||| Stepping ~*~*~tactically~*~*~ (stealth).
   453 | D:1      | 453 ||| Stepping ~*~*~tactically~*~*~ (stealth).
   545 | D:1      | 545 ||| Stepping ~*~*~tactically~*~*~ (stealth).
   546 | D:1      | 546 ||| Stepping ~*~*~tactically~*~*~ (stealth).
   584 | D:1      | 584 ||| Stepping ~*~*~tactically~*~*~ (stealth).
   587 | D:1      | 587 ||| Stepping ~*~*~tactically~*~*~ (stealth).
   609 | D:1      | Reached XP level 3. HP: 14/21 MP: 7/7
   872 | D:1      | 872 ||| Stepping ~*~*~tactically~*~*~ (stealth).
  1052 | D:1      | Reached skill level 4 in Axes
  1105 | D:1      | 1105 ||| UPGRADING to +2 ring mail of fire resistance.
  1115 | D:1      | 1115 ||| DROPPING +0 leather armour.
  1116 | D:1      | 1116 ||| READING scroll labelled MUGEAX ESKO.
  1117 | D:1      | 1117 ||| READING scroll labelled HEUCUIZXODY.
  1122 | D:1      | 1122 ||| DROPPING scroll of blinking.
  1389 | D:2      | Found a faded altar of an unknown god.
  1448 | D:2      | 1448 ||| FLEEEEING.
  1449 | D:2      | 1449 ||| FLEEEEING.
  1450 | D:2      | 1450 ||| FLEEEEING.
  1451 | D:2      | 1451 ||| FLEEEEING.
  1458 | D:2      | 1458 ||| STAIRDANCE
  1596 | D:1      | 1596 ||| DROPPING scarf of invisibility.
  1597 | D:1      | 1597 ||| READING scroll labelled AJIRUPRIWI.
  1698 | D:1      | 1698 ||| READING scroll labelled GUN FUAN XASK.
  1699 | D:1      | 1699 ||| READING scroll labelled EGHUQA MUNUE.
  1700 | D:1      | 1700 ||| DRINKING 2 murky puce potions.
  1701 | D:1      | 1701 ||| DRINKING 2 inky potions.
  1702 | D:1      | 1702 ||| DRINKING 2 green potions.
  1803 | D:1      | 1803 ||| DROPPING potion of flight.
  1804 | D:1      | 1804 ||| DROPPING potion of ambrosia.
  1818 | D:2      | 1818 ||| STAIRDANCE
  1935 | D:2      | Reached XP level 4. HP: 18/26 MP: 8/8
  1937 | D:2      | 1937 ||| FLEEEEING.
  1938 | D:2      | 1938 ||| FLEEEEING.
  2058 | D:2      | 2058 ||| Stepping ~*~*~tactically~*~*~ (stealth).
  2437 | D:2      | Noticed Sigmund
  2438 | D:2      | 2438 ||| Stepping ~*~*~tactically~*~*~ (stealth).
  2451 | D:2      | 2451 ||| Stepping ~*~*~tactically~*~*~ (stealth).
  2452 | D:2      | 2452 ||| Stepping ~*~*~tactically~*~*~ (stealth).
  2460 | D:2      | 2460 ||| Stepping ~*~*~tactically~*~*~ (stealth).
  2535 | D:2      | HP: 4/26 [something (3)]
  2539 | D:2      | Slain by Sigmund

Levels and vault maps discovered:
D:1:      matt_arrival_refuge, layout_loops_cross
D:2:      layout_loops_cross, ebering_ecumenical_altar_ruins,
          minmay_misc_feat_roman, nicolae_wormholes, uniq_sigmund

Skill      XL: |  1  2  3 |
---------------+----------+-----
Axes           | 3 4 |  4.7
Fighting       | |  2.0
Throwing       | |  1.0
Armour         | |  1.1
Dodging        | |  2.1
Spellcasting   | |  2.0
Translocations | |  2.4

Action                   |  1- 3 |  4- 6 || total
-------------------------+-------+-------++-------
Melee: Hand axe          |   129 |    34 ||   163
       Kick              |    26 |     7 ||    33
       Peck              |    17 |     4 ||    21
       Punch             |     1 |       ||     1
Throw: Boomerang         |     7 |       ||     7
  Use: Scroll            |     5 |       ||     5
       Potion            |     3 |       ||     3
 Stab: Distracted        |     1 |       ||     1
       Sleeping          |     1 |       ||     1
Armor: Leather armour    |    14 |       ||    14
       Ring mail         |    12 |     6 ||    18
Dodge: Dodged            |    57 |     8 ||    65

Table legend:
 A = Non-vault XP
 B = Vault XP
 C = Vault XP percentage of total XP
 D = Non-vault monster count
 E = Vault monster count
 F = Vault count percentage of total count
                 A         B        C        D         E       F
            +---------+---------+-------+---------+---------+-------
      Total |      80 |      15 |  15.8 |      47 |       3 |   6.0
            +---------+---------+-------+---------+---------+-------
        D:1 |      50 |       0 |   0.0 |      30 |       0 |   0.0
        D:2 |      30 |      15 |  33.3 |      17 |       3 |  15.0
            +---------+---------+-------+---------+---------+-------
